Map: Sequencer LE

Players

Snute - Winner!

  • Race: Zerg Zerg
  • Spawn Location: 1:00

SpeCiaL

  • Race: Terran Terran
  • Spawn Location: 7:00

Event: WCS Valencia 2017

VOD

Have the link to the VOD?

Description

Time

  • Played on: July 15, 2017, 12:24 p.m.
  • Length: 18:13

All games in this series

Show
View Real Time Build Order
Export as new Build Order

Snute Zerg - Winner!

Build Orders: Pool First, Muta Ling Bane 

Get SALT Encoding   

  12  0:00  Drone  
  13  0:12  Overlord  
  13  0:17  Drone  
  14  0:31  Drone x2  
  14  0:34  Drone  
  17  0:44  Spawning Pool  
  17  0:48  Drone  
  17  1:09  Hatchery  
  16  1:11  Drone  
  16  1:14  Drone  
  16  1:16  Extractor  
  17  1:20  Drone  
  18  1:31  Queen  
  20  1:37  Zergling x2  
  22  1:49  Spine Crawler  
  22  1:50  Zergling x2  
  22  1:56  Extractor, Zergling x2  
  20  2:30  Zergling x2  
  20  2:32  Drone x2  
  20  2:33  Drone x2  
  24  2:41  Drone  
  24  2:42  Drone x2, Overlord  
  27  2:46  Drone  
  28  3:00  Extractor, Drone  
  28  3:01  Drone  
  28  3:04  Drone  
  30  3:07  Queen, Overlord  
  30  3:11  Drone  
  30  3:12  Drone  
  34  3:15  Drone  
  34  3:18  Drone  
  36  3:26  Drone x2  
  38  3:28  Drone  
  39  3:37  Overlord  
  39  3:40  Drone  
  40  3:46  Drone  
  40  3:47  Drone x2  
  43  3:50  Hatchery  
  43  3:53  Drone x2  
  44  4:01  Metabolic Boost  
  44  4:05  Overlord  
  44  4:11  Overlord  
  44  4:23  Drone x4  
  48  4:24  Queen x2  
  48  4:25  Overlord  
  48  4:30  Drone  
  48  4:31  Drone x2  
  55  4:33  Drone  
  55  4:34  Evolution Chamber  
  55  4:38  Drone  
  56  4:40  Extractor  
  56  4:43  Drone  
  56  4:44  Drone  
  57  4:48  Drone x3  
  57  4:51  Zergling x6  
  62  4:56  Zergling x2  
  62  4:59  Zerg Ground Armor Level 1  
  63  5:00  Queen  
  63  5:01  Evolution Chamber  
  63  5:09  Drone  
  63  5:10  Drone x3  
  63  5:12  Spore Crawler  
  63  5:16  Spore Crawler  
  63  5:21  Drone x2  
  64  5:27  Zerg Melee Weapons Level 1, Drone  
  65  5:29  Spore Crawler, Drone  
  64  5:35  Drone  
  64  5:36  Drone  
  64  5:39  Drone x2  
  64  5:40  Drone x3  
  69  5:46  Lair  
  69  5:48  Extractor  
  68  5:55  Drone x6  
  74  6:00  Overlord  
  74  6:03  Drone  
  74  6:05  Overlord  
  74  6:06  Baneling Nest, Drone  
  73  6:13  Drone x2  
  73  6:16  Overlord x2  
  74  6:21  Extractor, Drone  
  74  6:22  Extractor, Drone x3  
  76  6:27  Hatchery, Drone  
  76  6:29  Drone  
  76  6:32  Drone x2  
  79  6:37  Drone x2  
  79  6:38  Zergling x2  
  79  6:39  Zergling x4  
  83  6:43  Zergling x6  
  85  6:52  Spire  
  84  6:55  Zergling x2  
  84  6:58  Centrifical Hooks  
  84  7:05  Drone x2  
  84  7:07  Drone  
  84  7:08  Drone x2  
  89  7:12  Drone x3  
  89  7:13  Drone x2  
  89  7:14  Extractor  
  89  7:15  Zergling x4  
  94  7:16  Hatchery  
  94  7:20  Queen x3  
  100  7:24  Zerg Ground Armor Level 2  
  100  7:30  Zerg Melee Weapons Level 2  
  100  7:35  Zergling x12  
  106  7:39  Pneumatized Carapace  
  106  7:42  Baneling x6  
  106  7:44  Overlord  
  106  7:47  Zergling x4  
  106  7:48  Zergling x4  
  110  7:55  Overseer  
  110  8:01  Overseer  
  110  8:09  Zergling x18  
  110  8:10  Zergling x14  
  117  8:24  Mutalisk  
  117  8:25  Overlord  
  117  8:26  Overlord x2  
  119  8:27  Zerg Flyer Weapons Level 1  
  119  8:32  Baneling x5  
  119  8:33  Baneling  
  119  8:34  Baneling x7  
  119  8:36  Hatchery  
  118  8:43  Overlord  
  118  8:44  Mutalisk  
  118  8:45  Mutalisk x3  
  117  8:58  Mutalisk x2  
  120  9:07  Zergling x6  
  120  9:08  Zergling x12  
  115  9:25  Zergling x22  
  115  9:30  Mutalisk  
  115  9:31  Mutalisk  
  124  9:35  Mutalisk  
  122  9:46  Infestation Pit  
  122  9:49  Mutalisk x2  
  122  9:50  Mutalisk  
  127  9:54  Zergling x10  
  127  9:57  Mutalisk  
  134  10:05  Zergling x8  
  137  10:07  Baneling x9  
  137  10:08  Queen  
  137  10:09  Hatchery  
  137  10:13  Zergling x8  
  142  10:19  Mutalisk  
  142  10:20  Mutalisk  
  146  10:35  Zergling x30  
  157  10:46  Mutalisk  
  155  10:51  Zergling x4  
  153  11:09  Overlord x3  
  153  11:10  Hive  
  153  11:17  Mutalisk x2  
  157  11:19  Overlord  
  157  11:20  Overlord  
  157  11:24  Burrow  
  156  11:38  Mutalisk x3  
  156  11:39  Mutalisk x2  
  150  11:40  Zergling x2  
  150  11:41  Zergling x24  
  150  11:43  Drone x6  
  150  11:44  Drone  
  150  11:45  Drone x2  
  172  11:51  Drone x3  
  172  11:52  Drone x3  
  170  12:04  Zergling x18  
  179  12:15  Mutalisk x4  
  181  12:16  Zerg Flyer Weapons Level 2  
  182  12:25  Hatchery  
  182  12:27  Baneling x6  
  177  12:52  Zerg Ground Armor Level 3  
  177  12:54  Ultralisk Cavern  
  168  13:05  Zergling x4  
  168  13:06  Zergling x10  
  168  13:09  Zergling x28  
  168  13:10  Zergling x12  
  192  13:15  Zerg Melee Weapons Level 3, Adrenal Glands  
  190  13:25  Queen  
  189  13:29  Hatchery  
  187  13:42  Chitinous Plating  
  187  13:43  Ultralisk  
  187  13:44  Ultralisk  
  185  14:01  Ultralisk  
  181  14:03  Corruptor  
  183  14:13  Ultralisk  
  183  14:14  Drone x5  
  183  14:15  Drone  
  191  14:17  Extractor  
  191  14:19  Zergling x14  
  197  14:26  Queen  
  197  14:33  Hatchery  
  195  14:39  Zergling x2  
  195  14:40  Zergling x6  
  199  14:46  Baneling x11  
  199  14:47  Baneling  
  190  14:57  Ultralisk x2  
  190  14:59  Zergling x20  
  187  15:00  Zergling x6  
  187  15:06  Queen x4  
  195  15:11  Corruptor  
  193  15:33  Hatchery  
  180  15:39  Ultralisk  
  180  15:40  Ultralisk x2  
  180  15:41  Zergling x6  
  180  15:42  Zergling x6  
  188  15:53  Zergling x18  
  188  15:55  Zergling x10  
  185  16:14  Ultralisk x3  
  193  16:19  Corruptor  
  193  16:20  Overlord  
  195  16:45  Hatchery  
  189  16:58  Zergling x20  
  182  17:02  Ultralisk x2  
  194  17:20  Ultralisk  
  200  17:39  Baneling  
  200  17:40  Baneling x10  
  200  17:44  Overseer x2  
Show
View Real Time Build Order
Export as new Build Order

SpeCiaL Terran 

Build Orders: Bio Mine 

Get SALT Encoding   

  12  0:00  SCV  
  13  0:12  SCV  
  14  0:18  Supply Depot  
  14  0:24  SCV  
  15  0:41  Barracks  
  15  0:50  Barracks  
  15  0:54  SCV  
  16  1:06  SCV  
  16  1:08  Refinery  
  17  1:18  SCV  
  18  1:28  Marine  
  18  1:31  Orbital Command  
  19  1:37  Bunker  
  19  1:38  Marine  
  20  1:46  Marine  
  21  1:54  Supply Depot  
  21  1:56  Marine  
  21  2:00  SCV, Bunker  
  23  2:09  Bunker  
  23  2:15  Marine x2, SCV  
  26  2:27  Bunker  
  26  2:30  SCV  
  26  2:31  Factory  
  29  2:44  SCV  
  27  2:55  Command Center  
  27  2:56  SCV  
  28  3:02  Supply Depot  
  28  3:11  SCV, Bunker  
  29  3:19  Starport  
  29  3:23  Refinery  
  29  3:25  SCV  
  30  3:34  Factory Reactor  
  30  3:38  SCV  
  31  3:50  SCV  
  32  3:57  Starport Tech Lab  
  32  4:02  SCV  
  33  4:06  Orbital Command  
  33  4:11  Hellion x2  
  33  4:14  SCV  
  33  4:16  Cloaking Field  
  38  4:19  Barracks Reactor  
  38  4:20  Barracks Tech Lab  
  38  4:23  Banshee  
  41  4:26  SCV  
  42  4:32  SCV  
  42  4:34  Supply Depot  
  42  4:38  SCV  
  44  4:39  Hellion  
  44  4:40  Hellion  
  44  4:41  Marine  
  44  4:45  SCV  
  50  4:49  Stimpack  
  50  4:50  SCV  
  51  4:57  Marine, SCV, Supply Depot  
  51  4:58  Marine  
  54  5:02  SCV  
  55  5:10  Banshee  
  55  5:12  Hellion x2  
  55  5:14  Marine  
  59  5:15  Marine  
  59  5:18  SCV x2  
  62  5:21  Supply Depot  
  62  5:30  SCV x2  
  64  5:41  Command Center  
  60  5:43  SCV x2  
  60  5:45  Barracks  
  60  5:46  Marine  
  60  5:48  Marine  
  64  5:53  Factory Reactor  
  64  5:58  SCV  
  64  5:59  SCV  
  64  6:03  Marine, Engineering Bay  
  64  6:04  Marine, Engineering Bay  
  65  6:08  Starport Reactor  
  65  6:10  SCV  
  67  6:11  SCV  
  68  6:19  Marine  
  68  6:21  Marine  
  68  6:22  Refinery, Supply Depot  
  68  6:23  SCV x2  
  68  6:24  Refinery  
  69  6:33  Terran Infantry Weapons Level 1  
  69  6:34  Terran Infantry Armor Level 1  
  69  6:38  Marine x2  
  71  6:41  Marine x2  
  71  6:42  Marine  
  71  6:45  SCV x2  
  76  6:48  Barracks x2  
  76  6:50  Medivac x2  
  76  6:52  Widow Mine x2  
  82  7:00  Marine x4  
  82  7:01  Marine  
  87  7:02  SCV x2  
  89  7:08  Supply Depot  
  89  7:16  SCV x2  
  89  7:17  Marine  
  89  7:18  Marine  
  89  7:19  Marine  
  89  7:20  Marine, Medivac x2  
  99  7:24  Combat Shields  
  99  7:25  Marine  
  99  7:29  SCV, Widow Mine x2  
  101  7:35  Barracks Reactor, Marine  
  101  7:36  Barracks Reactor  
  106  7:37  Orbital Command  
  106  7:41  Marine x2  
  106  7:43  Marine  
  109  7:51  Marine, SCV x2, Supply Depot  
  109  7:55  Marine  
  113  7:58  Marine  
  113  8:05  Medivac  
  115  8:07  Marine x2  
  115  8:12  SCV x2  
  116  8:13  Marine  
  116  8:15  Widow Mine x2  
  116  8:16  Marine x5  
  125  8:22  Supply Depot  
  125  8:23  Armory  
  125  8:27  Supply Depot  
  125  8:40  Factory, Refinery  
  125  8:44  Marine x5, SCV x3  
  125  8:45  Supply Depot  
  133  8:52  Medivac  
  133  8:53  Supply Depot  
  133  8:55  Widow Mine  
  128  8:56  Marine, SCV x3  
  128  8:59  Widow Mine  
  134  9:08  SCV x3  
  134  9:09  Command Center  
  137  9:13  Marine  
  134  9:17  Terran Infantry Weapons Level 2  
  134  9:19  Terran Infantry Armor Level 2, Supply Depot  
  134  9:20  SCV x3  
  132  9:24  Marine  
  126  9:31  Marine x2  
  126  9:32  SCV  
  126  9:34  Medivac x2  
  126  9:35  Widow Mine x2  
  126  9:37  Factory Tech Lab  
  128  9:39  Marine x5, Supply Depot  
  128  9:40  Marine  
  128  9:42  Marine  
  134  9:49  Terran Vehicle And Ship Armor Level 1, Marine x2  
  134  9:50  Barracks  
  136  9:57  Marine  
  136  9:59  Thor  
  141  10:01  Drilling Claws  
  141  10:04  Marine x4  
  145  10:08  Marine  
  145  10:09  Marine x3  
  149  10:15  Marine  
  149  10:16  Barracks  
  150  10:21  Medivac  
  150  10:22  Marine x2, Medivac  
  150  10:27  Marauder  
  156  10:29  Marine  
  156  10:33  Widow Mine x2  
  155  10:35  Marine  
  155  10:41  Marauder  
  157  10:44  Marine x2  
  157  10:46  Marine  
  157  10:48  Marine  
  157  10:49  Marauder  
  162  10:51  Medivac  
  162  10:52  Medivac  
  162  10:56  Thor  
  169  11:01  Marine  
  169  11:02  Marauder  
  170  11:10  Marauder  
  167  11:13  Marine x4  
  167  11:15  Missile Turret  
  170  11:21  Medivac  
  170  11:24  Marauder  
  174  11:26  Marine  
  174  11:27  Widow Mine  
  174  11:28  Widow Mine  
  174  11:31  Marauder  
  181  11:37  Marine x2  
  181  11:38  Widow Mine  
  178  11:41  Planetary Fortress  
  178  11:43  Marine x5  
  178  11:45  Marauder  
  178  11:46  Marine  
  186  11:49  Marine  
  186  11:52  Terran Infantry Weapons Level 3  
  186  11:53  Marauder  
  188  11:56  Marine  
  188  11:57  Marine  
  188  11:59  Widow Mine  
  188  12:00  Widow Mine  
  188  12:01  Marine, Missile Turret x2  
  188  12:02  Marine  
  188  12:04  Command Center  
  188  12:05  Marine  
  187  12:11  Marine  
  187  12:12  Supply Depot  
  187  12:14  Terran Infantry Armor Level 3  
  188  12:16  Terran Vehicle And Ship Armor Level 2  
  188  12:19  Barracks Reactor  
  188  12:21  Marauder  
  188  12:22  Marine  
  181  12:34  Marauder, Marine x3  
  181  12:35  Marine  
  185  12:38  Marine  
  185  12:39  Widow Mine x2  
  185  12:41  Marine x2  
  185  12:42  Marauder  
  185  12:43  Marine  
  191  12:52  Marine x3  
  191  12:56  Marauder, Marine  
  194  13:00  Thor  
  194  13:04  Marauder  
  183  13:06  Medivac  
  183  13:07  Marine x3  
  183  13:11  Marine x2  
  183  13:13  Marine  
  183  13:14  Marine x2  
  183  13:16  Marine x2  
  183  13:17  Marauder  
  186  13:25  Marauder, Marine x2  
  186  13:26  Widow Mine x2  
  190  13:27  Marine  
  190  13:29  Marine x2  
  190  13:31  Marine  
  190  13:32  Marine x2  
  190  13:34  Marine  
  195  13:37  Marine  
  195  13:39  Marauder  
  190  13:42  Marine, Widow Mine  
  190  13:43  Marine  
  190  13:45  Marine  
  190  13:46  Marine  
  190  13:47  Marauder, Marine  
  199  13:49  Marine  
  194  14:00  Marauder  
  194  14:02  Marine x3  
  195  14:03  Marine x2  
  195  14:04  Marine  
  200  14:14  Medivac  
  200  14:23  Starport  
  200  14:32  Terran Ship Weapons Level 1  
  200  14:39  Planetary Fortress  
  200  14:43  Marauder, Marine  
  200  14:45  Marauder  
  195  14:48  Command Center  
  195  14:51  Command Center  
  184  14:56  Marine  
  184  14:58  Marine x3, Widow Mine x3  
  144  15:00  Medivac x2  
  144  15:02  Marine, Starport Reactor  
  144  15:03  Marine  
  144  15:04  Marauder  
  144  15:06  Marauder  
  154  15:07  Marine x2  
  154  15:10  Refinery  
  152  15:15  Hi-Sec Auto Tracking  
  152  15:22  Marine  
  152  15:26  Marauder  
  152  15:27  Marauder, Sensor Tower, Widow Mine x3  
  163  15:30  Marine, Medivac x2  
  152  15:37  Marine  
  144  15:44  Marine  
  144  15:45  Marine x2  
  144  15:46  Marine  
  148  15:50  Marauder  
  148  15:53  Supply Depot  
  148  15:54  Supply Depot  
  147  15:59  Widow Mine x3  
  147  16:00  Marauder  
  150  16:11  Marauder  
  150  16:12  Building Armor  
  150  16:16  Orbital Command x2  
  149  16:20  Marine x4  
  149  16:21  Marine x3  
  149  16:22  Marauder, Marine  
  149  16:23  Refinery  
  149  16:24  Marine, Barracks  
  160  16:25  Missile Turret  
  160  16:26  Barracks  
  160  16:28  Widow Mine x2  
  160  16:29  Marine  
  167  16:33  Marauder  
  167  16:37  Marine  
  167  16:38  Marine  
  168  16:43  Marauder, Marine x2  
  168  16:47  SCV x2  
  172  16:49  Marine  
  172  16:52  Marine  
  172  16:53  Marine  
  174  16:54  Marauder  
  174  16:59  SCV  
  174  17:00  Medivac  
  162  17:02  Marine x2  
  162  17:04  Marauder  
  162  17:06  Marine x2  
  168  17:08  Orbital Command  
  168  17:11  Marine x2  
  168  17:14  Marine  
  157  17:15  Marauder  
  157  17:17  Barracks Tech Lab x2  
  157  17:21  Medivac  
  157  17:25  Medivac  
  157  17:26  Marauder  
  161  17:33  Marine  
  161  17:34  Marine  
  161  17:35  Marine  
  164  17:37  Marauder  
  164  17:43  Marauder, Marine  
  160  17:47  Marauder  
  160  17:49  Marauder, Marine  
Tags
 
Add a new tag
Caveats
  • Supply blocks, unpowered buildings, or Contaminate may cause inaccurate times.
  • Supply counts are checked every 10 seconds.